 Dungeon Crawl Stone Soup version 0.24-a0-250-g6074511 (webtiles) character file.

Game seed: 6566445610586880260

2701 laymonane the Basher (level 9, -5/85 HPs)
             Began as a Minotaur Berserker on Apr 14, 2019.
             Was an Elder of Trog.
             Engulfed by an ice statue's freezing vapour (6 damage)
             ... on level 9 of the Dungeon.
             The game lasted 00:35:02 (7123 turns).

laymonane the Basher (Minotaur Berserker)           Turns: 7123, Time: 00:35:03

Health: -5/85      AC: 12    Str: 21    XL:     9   Next: 38%
Magic:  8/8        EV: 11    Int:  4    God:    Trog [****..]
Gold:   507        SH:  4    Dex: 14    Spells: 8/8 levels left

rFire    . . .     SeeInvis .   x - +0 dire flail (crush)
rCold    . . .     Gourm    .   (shield currently unavailable)
rNeg     . . .     Faith    .   w - +4 chain mail
rPois    .         Spirit   .   (helmet restricted)
rElec    .         Reflect  +   (no cloak)
rCorr    +         Harm     .   (no gloves)
MR       .....                  (no boots)
Stlth    ..........             o - +4 amulet of reflection
HPRegen  0.24/turn              z - ring of resist corrosion
MPRegen  0.11/turn              (no ring)

@: berserk cooldown, hasted, very quick
A: retaliatory headbutt, horns 2
a: Berserk, Trog's Hand, Brothers in Arms, Renounce Religion


You were on level 9 of the Dungeon.
You worshipped Trog.
Trog was greatly pleased with you.
You were near starving.

You visited 1 branch of the dungeon, and saw 8 of its levels.

You collected 507 gold pieces.

Inventory:

Hand Weapons
 a - a +0 mace
 m - a +0 hunting sling of velocity
 x - a +0 dire flail of crushing (weapon)
 C - a cursed -3 hand crossbow
Missiles
 u - 4 curare-tipped needles
 I - 23 bolts
Armour
 b - a +0 animal skin
 w - a +4 chain mail (worn)
Magical Staves
 G - a cursed staff of energy {unknown}
Jewellery
 o - a +4 amulet of reflection (around neck)
 z - a ring of resist corrosion (left hand)
 D - a +2 ring of intelligence {unknown}
 H - an uncursed ring of resist corrosion
Wands
 t - a wand of flame (21)
Scrolls
 f - 4 scrolls of identify {unknown}
 h - 2 scrolls of fear {unknown}
 l - 3 scrolls of immolation
 p - a scroll of fog {unknown}
 q - a scroll of random uselessness {unknown}
 y - 2 scrolls of amnesia {unknown}
 B - 2 scrolls of remove curse {unknown}
 E - a scroll of enchant weapon {unknown}
 F - a scroll of enchant armour {unknown}
 J - a scroll of teleportation {unknown}
 K - a scroll of blinking {unknown}
Potions
 d - 4 potions of heal wounds {unknown}
 e - a potion of curing
 g - 2 potions of degeneration {unknown}
 i - a potion of mutation {unknown}
 j - 2 potions of might {unknown}
 k - a potion of brilliance {unknown}
 r - a potion of resistance {unknown}
 s - a potion of berserk rage {unknown}
 v - a potion of agility {unknown}
 A - a potion of magic {unknown}
Comestibles
 c - 14 rations


   Skills:
 - Level 10.0 Fighting
 - Level 10.1 Maces & Flails
 - Level 2.4 Armour
 + Level 7.3 Dodging


You had 8 spell levels left.
You didn't know any spells.
Your spell library contained the following spells:

 Spells                   Type           Power        Failure   Level  Hunger
 Magic Dart               Conj           #...         99%         1    ##.....
 Blink                    Tloc           N/A          100%        2    ###....
 Call Imp                 Summ           #.......     100%        2    ###....
 Slow                     Hex            #.......     100%        2    ###....
 Conjure Flame            Conj/Fire      #.......     100%        3    ####...
 Mephitic Cloud           Conj/Pois/Air  #.......     100%        3    ####...


Dungeon Overview and Level Annotations

Branches:
Dungeon (9/15)             Temple (0/1) D:6
   Lair: D:8-11         Orc: D:9-12

Altars:
Dithmenos
Gozag
Nemelex Xobeh
Trog
Xom

Shops:
D:7 (

Annotations:
D:9 1 runed translucent door, exclusion: ice statue, Pikel; Spaninq's ghost, novice TrCK


Innate Abilities, Weirdness & Mutations

You reflexively headbutt those who attack you in melee.
You have a pair of horns on your head.


Message History

Found a potion of curing and a transparent plate armour.
Found an escape hatch in the ceiling.
Unknown command.
You miss the slave. Your headbutt misses the slave.
You bump into the rock wall.
The ice statue gestures at you.
The freezing blast engulfs you but does no damage.
Pikel is engulfed in freezing vapours.
Pikel hits you but does no damage.
The slave is engulfed in freezing vapours.
The slave hits you but does no damage.
You are engulfed in freezing vapours.
* * * LOW HITPOINT WARNING * * *
Found a sack of spiders.
You feel better.
You are engulfed in freezing vapours.
* * * LOW HITPOINT WARNING * * *
Pikel is engulfed in freezing vapours.
The slave is engulfed in freezing vapours.
Found a scroll labeled TUJIEMU EN WUE.
You are engulfed in freezing vapours.
You die...

..# ..... ≈≈
.=.# ......##§
#..#
.....≈#§§§#≈.#
.....≈§§8§≈≈.#
....§§#§§§#≈.#
...§..##≈##○.# #
#......§☼≈☼☼.#
.......@☼Kpp.#
......#.○##.##
.......§##...##
###
......###.....#
###.## #.###.
##+##.# #..p.. #
#
#§WR#[#####.###.
#§§§#[..p....#..
#######.#.#.
#.....


You could see an ice statue, Pikel and 2 slaves.

Vanquished Creatures
  A two-headed ogre (D:9)
  Edmund (D:4)
  A sky beast (D:6)
  2 slaves (D:9)
  3 ice beasts
  A necrophage (D:6)
  2 ogres (D:4)
  2 centaurs
  A gnoll sergeant (D:7)
  2 bullfrogs
  A crimson imp (D:6)
  An orc priest (D:7)
  A centaur zombie (D:6)
  A jelly (D:2)
  3 orc wizards
  2 bullfrog skeletons
  6 hounds
  An iguana (D:5)
  Ijyb (D:3)
  Natasha (thrice) (D:3)
  3 worker ants
  A worker ant zombie (D:5)
  Robin (D:2)
  4 gnolls (D:7)
  6 adders
  3 shadow imps
  12 oozes
  An adder skeleton (D:6)
  3 worms
  2 dart slugs
  3 leopard geckos
  11 orcs
  8 giant cockroaches
  10 goblins
  14 hobgoblins
  14 jackals
  15 kobolds
  A quokka (D:4)
  3 ball pythons
  A ball python skeleton (D:4)
  5 bats
  2 frilled lizards
  A jackal zombie (D:5)
  5 rats
165 creatures vanquished.

Vanquished Creatures (others)
  An adder (D:5)
  An orc (D:5)
  A quokka (D:5)
  A fungus (D:2)
  8 toadstools (D:2)
12 creatures vanquished.

Grand Total: 177 creatures vanquished

Notes
Turn   | Place    | Note
-------+----------+-------------------------------------------
     0 | D:1      | laymonane the Minotaur Berserker began the quest for the
                  | Orb.
     0 | D:1      | Reached XP level 1. HP: 19/19 MP: 0/0
     0 | D:1      | Noticed an octopode
    11 | D:1      | Noticed a dwarf
    17 | D:1      | Noticed a minotaur
    19 | D:1      | Noticed a minotaur
   243 | D:1      | Reached XP level 2. HP: 26/26 MP: 1/1
   617 | D:1      | Reached skill level 5 in Maces & Flails
   681 | D:2      | Reached XP level 3. HP: 25/31 MP: 2/2
   946 | D:2      | Reached ** piety under Trog
  1247 | D:2      | Reached XP level 4. HP: 21/39 MP: 3/3
  1605 | D:2      | Reached XP level 5. HP: 11/45 MP: 4/4
  2139 | D:2      | Noticed Robin
  2366 | D:1      | Reached *** piety under Trog
  2457 | D:2      | Killed Robin
  2529 | D:2      | Found an opulent altar of Gozag.
  2741 | D:3      | Noticed Natasha
  2746 | D:3      | Killed Natasha
  2867 | D:3      | Reached XP level 6. HP: 45/51 MP: 5/5
  3015 | D:3      | Noticed Natasha
  3033 | D:3      | Killed Natasha
  3122 | D:3      | Noticed Ijyb
  3425 | D:3      | Killed Ijyb
  3491 | D:3      | Noticed Natasha
  3501 | D:3      | Killed Natasha
  3825 | D:4      | Noticed an ice beast
  3839 | D:4      | Killed an ice beast
  4138 | D:4      | Reached **** piety under Trog
  4158 | D:4      | Reached XP level 7. HP: 46/57 MP: 6/6
  4221 | D:4      | Reached skill level 10 in Maces & Flails
  4397 | D:4      | Noticed Edmund
  4430 | D:4      | Killed Edmund
  4445 | D:4      | Reached skill level 5 in Fighting
  4904 | D:5      | Entered Level 5 of the Dungeon
  5051 | D:5      | Reached XP level 8. HP: 68/71 MP: 7/7
  5241 | D:5      | Found a shimmering altar of Xom.
  5592 | D:6      | Found a staircase to the Ecumenical Temple.
  5665 | D:6      | Found a shadowy altar of Dithmenos.
  5666 | D:6      | Found a sparkling altar of Nemelex Xobeh.
  5750 | D:6      | Found a sparkling altar of Nemelex Xobeh.
  6328 | D:6      | Reached skill level 10 in Fighting
  6448 | D:6      | Found a bloodstained altar of Trog.
  6931 | D:7      | Found Dicwurel's Weapon Boutique.
  7001 | D:7      | Reached XP level 9. HP: 84/85 MP: 8/8
  7064 | D:7      | You fall through a shaft for 2 floors!
  7064 | D:9      | Noticed Pikel
  7064 | D:9      | Noticed a two-headed ogre
  7073 | D:9      | Killed a two-headed ogre
  7110 | D:9      | Found a runed translucent door.
  7110 | D:9      | Noticed an efreet
  7110 | D:9      | Noticed Spaninq's ghost (novice TrCK)
  7118 | D:9      | Noticed an ice statue
  7122 | D:9      | HP: 1/85 [something] (13)]
  7123 | D:9      | Engulfed by an ice statue's freezing vapour

Levels and vault maps discovered:
D:1:      shiori_arrival_whats_in_store_for_you, layout_loops_ring,
          minmay_misc_feat_roman
D:2:      cheibrodos_fertilizer, layout_loops_cross, lemuel_doored_altar,
          uniq_robin
D:3:      layout_loops_ring, uniq_natasha, uniq_ijyb
D:4:      layout_gridville, minmay_splitting_lines, uniq_edmund
D:5:      layout_loops_ring, first_ration, xom_confusion_cloud
D:6:      layout_layer_cave, lemuel_round_altar, grunt_temple_overflow_open,
          minmay_temple_entry_ruins, nemelex_xobeh_ov_fountains_minmay
D:7:      layout_gridville, kennysheep_mini, basic_altar, serial_shops,
          shop_statue, the_bakery, grunt_qazlal_clouds
D:9:      layout_loops_ring, lightli_temple_of_fire, dpeg_oklobed_lair,
          ebering_ghost_inner_flame, serial_shops, shop, minivault_15,
          trog_wizard, uniq_grum, uniq_pikel

Skill      XL: |  1  2  3  4  5  6  7  8  9 |
---------------+----------------------------+-----
Maces & Flails | 4 5 6 8 9 10 | 10.1
Fighting       | 6 10 | 10.0
Dodging        | 4 7 |  7.3
Armour         | |  2.4

Action                   |  1- 3 |  4- 6 |  7- 9 || total
-------------------------+-------+-------+-------++-------
Melee: Mace              |    66 |   213 |    39 ||   318
       Headbutt          |    10 |    32 |    33 ||    75
       Dire flail        |       |       |   146 ||   146
Invok: Berserk           |       |       |     1 ||     1
  Use: Potion            |       |       |     3 ||     3
 Stab: Sleeping          |       |     1 |       ||     1
  Eat: Chunk             |       |    10 |     9 ||    19
Armor: Animal skin       |    15 |    26 |       ||    41
       Chain mail        |       |       |    66 ||    66
Dodge: Dodged            |    45 |    94 |    65 ||   204
Block: Other             |       |    22 |    21 ||    43
       Reflection        |       |       |     1 ||     1

Table legend:
 A = Non-vault XP
 B = Vault XP
 C = Vault XP percentage of total XP
 D = Non-vault monster count
 E = Vault monster count
 F = Vault count percentage of total count
                 A         B        C        D         E       F
            +---------+---------+-------+---------+---------+-------
      Total |    3448 |     411 |  10.7 |     127 |      36 |  22.1
            +---------+---------+-------+---------+---------+-------
        D:1 |      35 |       4 |  10.3 |      16 |       2 |  11.1
        D:2 |      96 |     150 |  61.0 |      31 |      28 |  47.5
        D:3 |     137 |      71 |  34.1 |      19 |       2 |   9.5
        D:4 |     609 |     158 |  20.6 |      20 |       1 |   4.8
        D:5 |     250 |      28 |  10.1 |       7 |       3 |  30.0
        D:6 |    1001 |       0 |   0.0 |      21 |       0 |   0.0
        D:7 |     410 |       0 |   0.0 |      12 |       0 |   0.0
        D:9 |     910 |       0 |   0.0 |       1 |       0 |   0.0
            +---------+---------+-------+---------+---------+-------
